Map: New Repugnancy LE

Players

Serral - Winner!

  • Race: Zerg Zerg
  • League: Grandmaster
  • Spawn Location: 7:00

SouLeer

  • Race: Zerg Zerg
  • League: Master
  • Spawn Location: 1:00

Event: HomeStory Cup XIX

VOD

Have the link to the VOD?

Description

Time

  • Played on: June 27, 2019, 1:47 p.m.
  • Length: 12:28

All games in this series

Show
View Real Time Build Order
Export as new Build Order

Serral Zerg - Winner!

Build Orders: Hatch First, Zergling Baneling 

Get SALT Encoding   

  12  0:00  Drone  
  13  0:12  Overlord  
  13  0:17  Drone  
  14  0:30  Drone x2  
  16  0:47  Hatchery  
  15  0:52  Drone  
  15  0:55  Drone  
  17  0:57  Drone  
  18  1:08  Extractor  
  17  1:13  Spawning Pool  
  17  1:16  Drone  
  17  1:19  Drone  
  18  1:27  Drone  
  19  1:38  Drone  
  20  1:51  Drone  
  21  1:59  Queen x2  
  21  2:00  Overlord  
  25  2:01  Zergling x2  
  25  2:07  Metabolic Boost  
  26  2:10  Drone  
  26  2:11  Drone  
  28  2:22  Drone x2  
  30  2:33  Zergling x4  
  32  2:43  Zergling x2, Baneling Nest  
  32  2:47  Hatchery  
  31  2:52  Overlord  
  31  2:54  Drone  
  31  2:58  Drone  
  33  3:08  Zergling x2, Drone  
  33  3:09  Drone  
  33  3:12  Drone x3  
  39  3:15  Drone  
  39  3:17  Overlord  
  40  3:24  Zergling x4  
  40  3:26  Baneling  
  42  3:32  Queen  
  44  3:35  Drone  
  44  3:36  Drone  
  46  3:42  Drone x2  
  46  3:44  Drone, Evolution Chamber  
  46  3:46  Zergling x2  
  48  3:49  Overlord  
  48  3:51  Drone  
  50  3:55  Zergling x4  
  50  3:58  Baneling x2  
  50  4:02  Extractor  
  50  4:07  Baneling x2  
  50  4:12  Zergling x6  
  50  4:13  Zergling x2  
  50  4:16  Baneling  
  50  4:17  Baneling  
  54  4:20  Drone x2  
  54  4:21  Overlord  
  55  4:25  Baneling  
  55  4:26  Overlord  
  55  4:30  Zergling x6  
  57  4:32  Baneling  
  57  4:33  Baneling  
  57  4:34  Drone x4  
  57  4:38  Baneling x2  
  60  4:44  Drone x3  
  59  4:46  Baneling x2  
  58  4:54  Extractor  
  58  4:57  Roach Warren  
  58  4:58  Zergling x4  
  56  5:01  Drone x3  
  56  5:04  Overlord  
  58  5:12  Zerg Missile Weapons Level 1  
  58  5:13  Drone x2, Spine Crawler  
  58  5:18  Overlord  
  58  5:22  Drone x2  
  58  5:24  Drone  
  61  5:30  Lair  
  61  5:31  Drone  
  61  5:33  Zergling x2  
  61  5:35  Drone  
  64  5:37  Drone x2  
  64  5:39  Drone  
  64  5:41  Drone  
  69  5:47  Drone  
  70  5:50  Extractor x2  
  70  5:51  Drone x4  
  70  5:56  Zergling x2  
  73  5:57  Drone  
  73  5:58  Baneling x2  
  73  6:00  Zergling x2  
  73  6:01  Baneling  
  73  6:02  Baneling  
  75  6:08  Drone x7  
  77  6:12  Drone  
  77  6:17  Extractor  
  76  6:22  Drone x4  
  79  6:30  Drone x4  
  83  6:35  Roach x7  
  83  6:38  Overlord  
  83  6:39  Glial Reconstitution  
  97  6:41  Pneumatized Carapace  
  97  6:42  Hatchery  
  97  6:43  Overseer  
  97  6:45  Overlord  
  96  6:50  Evolution Chamber  
  96  6:51  Roach  
  96  6:52  Overlord  
  97  6:54  Overlord  
  97  7:00  Roach x4  
  105  7:05  Roach  
  105  7:06  Roach x3  
  112  7:11  Overlord  
  112  7:12  Roach x2  
  116  7:16  Roach x3  
  116  7:21  Zerg Missile Weapons Level 2  
  122  7:24  Zerg Ground Armor Level 1  
  122  7:26  Overlord  
  122  7:30  Roach x3  
  122  7:33  Ravager x4  
  132  7:38  Roach x2  
  132  7:41  Drone  
  132  7:43  Overlord x3  
  132  7:44  Overlord  
  139  7:51  Roach x4  
  145  8:00  Roach  
  145  8:01  Roach x2  
  150  8:06  Overlord x2  
  150  8:08  Roach x4  
  150  8:12  Ravager x2  
  160  8:14  Roach  
  160  8:15  Overseer, Roach x3  
  165  8:21  Roach x3  
  171  8:28  Roach x4  
  179  8:39  Roach  
  179  8:40  Roach x5  
  191  8:49  Queen  
  184  8:55  Roach x2  
  184  8:56  Roach x3  
  184  8:58  Roach x5  
  184  9:04  Roach x4  
  192  9:10  Overlord x2  
  192  9:17  Spine Crawler  
  192  9:18  Spine Crawler  
  192  9:19  Overlord  
  192  9:20  Ravager  
  192  9:22  Ravager  
  192  9:27  Zerg Ground Armor Level 2  
  178  9:32  Roach x7  
  178  9:37  Roach x3  
  174  9:43  Ravager x2  
  174  9:46  Roach x5  
  174  9:50  Roach x2  
  188  9:57  Roach x4  
  196  10:06  Roach  
  196  10:07  Roach  
  200  10:18  Tunneling Claws  
  200  10:19  Burrow  
  198  10:27  Roach  
  198  10:28  Roach x4  
  200  10:35  Extractor  
  182  10:36  Roach x10  
  182  10:41  Roach x5  
  186  10:46  Roach x3  
  170  10:57  Roach x7  
  170  11:01  Drone  
  170  11:03  Drone x2  
  175  11:09  Roach x5  
  175  11:10  Ravager x2  
  187  11:17  Infestation Pit  
  186  11:21  Roach x5  
  196  11:28  Roach x2  
  196  11:31  Roach x6  
  200  11:36  Roach x3  
  200  11:38  Roach  
  200  11:39  Roach x4  
  194  11:47  Hatchery  
  194  11:48  Roach x4  
  183  12:01  Roach x7  
  183  12:02  Roach x4  
  183  12:03  Roach  
  183  12:04  Roach x4  
Show
View Real Time Build Order
Export as new Build Order

SouLeer Zerg 

Build Orders: Hatch First, Zergling Baneling 

Get SALT Encoding   

  12  0:01  Drone  
  13  0:12  Overlord  
  13  0:17  Drone  
  14  0:31  Drone x2  
  16  0:49  Hatchery  
  15  0:53  Drone  
  15  0:56  Drone  
  17  1:00  Drone  
  18  1:10  Extractor  
  17  1:15  Spawning Pool  
  17  1:18  Drone  
  17  1:22  Drone  
  18  1:28  Drone  
  19  1:39  Overlord  
  19  2:02  Zergling x4, Queen x2  
  19  2:03  Zergling x2  
  26  2:11  Metabolic Boost  
  26  2:12  Drone  
  26  2:15  Drone  
  28  2:23  Drone x2  
  30  2:33  Drone  
  31  2:37  Drone  
  32  2:48  Hatchery  
  31  2:52  Baneling Nest  
  31  2:55  Drone  
  31  3:00  Drone x2  
  31  3:02  Drone  
  34  3:06  Drone x2  
  34  3:11  Overlord  
  36  3:18  Zergling x2, Extractor  
  37  3:21  Overlord  
  37  3:29  Zergling x8  
  37  3:30  Zergling x2  
  37  3:34  Zergling x2  
  43  3:36  Baneling  
  43  3:37  Baneling  
  43  3:41  Zergling x6  
  43  3:46  Zergling x4  
  48  3:50  Zergling x4  
  48  3:51  Baneling x2  
  50  3:57  Overlord  
  50  3:59  Drone  
  51  4:04  Drone  
  51  4:06  Baneling x3  
  51  4:07  Drone  
  51  4:09  Queen  
  55  4:14  Drone x2  
  55  4:16  Baneling x3  
  54  4:26  Drone x3  
  54  4:30  Drone x2  
  58  4:31  Baneling x2  
  58  4:35  Extractor  
  58  4:36  Drone x2  
  58  4:37  Drone, Evolution Chamber  
  57  4:43  Drone x2  
  57  4:48  Drone  
  57  4:49  Drone  
  55  4:53  Drone x2  
  55  4:54  Drone x2  
  55  4:58  Zergling x2  
  60  5:03  Zerg Missile Weapons Level 1  
  60  5:05  Zergling x6, Extractor  
  59  5:14  Drone x4  
  59  5:19  Drone x2  
  65  5:23  Roach Warren  
  65  5:27  Drone x2  
  65  5:31  Baneling x2  
  65  5:33  Zergling x2  
  66  5:36  Overlord x2  
  66  5:48  Baneling x2  
  66  5:49  Extractor  
  65  5:50  Drone, Lair  
  65  5:53  Overlord  
  65  5:54  Extractor  
  65  5:55  Drone x7  
  72  5:58  Drone x2  
  72  6:00  Drone  
  74  6:06  Drone  
  74  6:07  Drone  
  74  6:08  Drone x2  
  76  6:13  Drone x3  
  77  6:27  Overlord  
  77  6:28  Roach x4  
  77  6:29  Roach, Overlord x2  
  77  6:31  Roach  
  89  6:34  Hatchery  
  89  6:37  Spine Crawler, Roach  
  89  6:39  Overlord  
  89  6:45  Overlord  
  89  6:48  Roach x2  
  89  6:49  Roach x2  
  89  6:51  Roach x2  
  89  6:53  Glial Reconstitution  
  101  6:56  Roach  
  101  6:59  Roach x2  
  107  7:04  Roach x3  
  113  7:08  Zerg Missile Weapons Level 2  
  113  7:14  Roach x3  
  119  7:18  Overlord  
  119  7:19  Roach  
  119  7:21  Overlord x2  
  120  7:25  Overlord x2  
  120  7:30  Roach  
  120  7:35  Overlord, Nydus Network  
  121  7:37  Roach x3  
  121  7:39  Overlord  
  121  7:43  Roach x2  
  131  7:45  Pneumatized Carapace  
  131  7:50  Roach x3  
  131  7:51  Overseer  
  137  7:56  Roach  
  137  7:57  Roach x2  
  141  8:04  Roach x4  
  149  8:07  Roach x2  
  149  8:08  Ravager  
  149  8:09  Ravager  
  155  8:14  Roach x3  
  155  8:16  Roach x2  
  155  8:17  Nydus Canal  
  167  8:20  Roach  
  167  8:23  Overlord  
  167  8:28  Overlord  
  167  8:31  Nydus Canal  
  168  8:34  Drone x2, Extractor  
  168  8:35  Hydralisk Den  
  168  8:41  Overlord  
  167  8:46  Roach x2  
  167  8:47  Roach x2, Overlord  
  163  8:56  Roach x2  
  163  8:57  Roach x6  
  163  8:59  Nydus Canal, Roach  
  163  9:00  Roach  
  158  9:02  Roach  
  158  9:03  Roach  
  158  9:07  Roach x2  
  158  9:09  Roach  
  158  9:13  Roach x3  
  158  9:16  Roach x2  
  166  9:21  Queen  
  166  9:31  Roach x5  
  166  9:33  Roach x2  
  166  9:35  Roach x2  
  162  9:39  Roach x2  
  162  9:42  Roach x2  
  162  9:44  Ravager  
  167  9:46  Roach  
  167  9:47  Roach x2  
  167  9:50  Roach x2  
  177  9:53  Roach x2  
  177  9:56  Roach  
  177  9:57  Roach  
  184  10:00  Roach x2  
  184  10:05  Roach x2  
  192  10:08  Overlord x2  
  192  10:15  Overlord  
  186  10:23  Roach  
  186  10:24  Queen, Roach x2  
  186  10:25  Overlord  
  182  10:31  Roach  
  182  10:32  Roach x4  
  180  10:39  Roach x3  
  180  10:42  Roach x2  
  160  10:44  Roach x2  
  160  10:48  Roach x2  
  142  10:51  Roach x2  
  142  10:56  Roach x3  
  132  10:58  Ravager  
  132  10:59  Ravager  
  132  11:00  Ravager  
  132  11:01  Roach x2  
  139  11:06  Ravager x2  
  139  11:07  Roach x2  
  139  11:08  Roach  
  139  11:09  Roach  
  149  11:12  Roach x2  
  149  11:15  Roach  
  149  11:16  Roach  
  157  11:19  Roach x2  
  157  11:22  Roach x2  
  165  11:26  Roach  
  165  11:27  Roach  
  158  11:40  Roach x4  
  158  11:43  Overseer  
  158  11:44  Overseer  
  160  11:50  Roach x3  
  162  11:56  Roach x7  
  163  12:04  Roach x3  
Tags
 
Add a new tag
Caveats
  • Supply blocks, unpowered buildings, or Contaminate may cause inaccurate times.
  • Supply counts are checked every 10 seconds.